 Dungeon Crawl Stone Soup version 0.20.1-1-g8b1a95d (webtiles) character file.

65 ChromeMolly the Ducker (level 4, -3/31 HPs)
             Began as an Octopode Fighter on Nov 9, 2017.
             Killed from afar by an orc wizard (5 damage)
             ... with a magic dart
             ... on level 2 of the Dungeon.
             The game lasted 00:08:19 (1680 turns).

ChromeMolly the Ducker (Octopode Fighter)           Turns: 1680, Time: 00:08:19

Health: -3/31      AC:  1    Str: 15    XL:     4   Next: 14%
Magic:  4/4        EV: 12    Int: 10    God:
Gold:   60         SH:  9    Dex: 12    Spells: 3/3 levels left

rFire    . . .     SeeInvis .   a - +0 long sword
rCold    . . .     Gourm    .   b - +1 shield
rNeg     . . .     Faith    .   (helmet restricted)
rPois    .         Spirit   .   (no amulet)
rElec    .         Reflect  .   (no ring)
rCorr    .         Harm     .   (no ring)
MR       .....                  (no ring)
Stlth    +++.......             (no ring)
Regen    0.1/turn               (no ring)
MPRegen  0.1/turn               (no ring)
                                (no ring)
                                (no ring)

@: no status effects
A: almost no armour, stealthy swim, amphibious, 8 rings, constrict 8, camouflage
1, gelatinous body 1
a: no special abilities


You were on level 2 of the Dungeon.
You were not hungry.

You visited 1 branch of the dungeon, and saw 2 of its levels.

You collected 60 gold pieces.

Inventory:

Hand Weapons
 a - a +0 long sword (weapon)
 j - a +0 rapier
 k - a +1 dagger of venom
 m - a +0 dagger
Missiles
 e - 16 bolts
 f - 68 stones (quivered)
Armour
 b - a +1 shield (worn)
Jewellery
 n - an uncursed ring of see invisible {unknown}
Scrolls
 g - 3 scrolls of teleportation
 i - 2 scrolls of enchant armour
Potions
 c - a potion of might
Comestibles
 d - 2 bread rations
 l - a royal jelly
 p - 4 chunks of flesh


   Skills:
 + Level 3.3 Fighting
 + Level 2.3 Long Blades
 * Level 1.2 Throwing
 + Level 3.4 Dodging
 * Level 2.0 Stealth
 + Level 3.3 Shields


You had 3 spell levels left.
You didn't know any spells.

Dungeon Overview and Level Annotations

Branches:
Dungeon (2/15)

Altars:
Vehumet


Innate Abilities, Weirdness & Mutations

You cannot wear most types of armour.
You are very stealthy in the water. (Stealth+)
You are amphibious.
You can wear up to eight rings at the same time.
You can use your tentacles to constrict eight enemies at once.
Your skin changes colour to match your surroundings (Stealth+).
Your rubbery body absorbs attacks. (AC +1, EV +1)


Message History

* * * LOW HITPOINT WARNING * * *
You block the orc's attack. x2
You hear some strange, mumbled words.
Something tries to affect you, but you resist.
You block the orc's attack.
You barely miss the orc. You grab the orc.
You constrict the orc, but do no damage.
The orc closely misses you.
You hit the orc but do no damage. You squeeze the orc!
You kill the orc!
You block something's attack.
Some of the chunks of flesh in your inventory have rotted away.
You hit something. Your squeeze misses something.
You hear some strange, mumbled words.
Something tries to affect you, but you resist.
You hit something but do no damage. Your squeeze misses something.
You hear some strange, mumbled words.
A magic dart appears from out of thin air!
The magic dart hits you!
You die...

#.##########(.###+#...#..#.#.
#.# #(............#... #.#
#####.............###. #.#
#...#.)........(..# #. #.#
#...#.............#### #.#
###...#.#............... #.#
#.....#o#............... #.#
#.....#{#.........###### #.#
#.....#@####.#รท......... #.#
#.....#....#.#.######### #.#
##...##........# #### #.#
#...<.......### #... #.#
#......#'#### #.##
##.#####...####.# #...
#......'...'.##.# #...
########...#.##.# #..#
#####+##.# ##..


You could see an orc.

Vanquished Creatures
  2 adders (D:2)
  A worm (D:2)
  2 dart slugs (D:1)
  A leopard gecko (D:2)
  2 orcs (D:2)
  A ball python (D:1)
  2 giant cockroaches
  4 hobgoblins
  5 kobolds
  A quokka (D:2)
  3 bats
  7 frilled lizards
  3 goblins
  6 rats
40 creatures vanquished.

Notes
Turn   | Place    | Note
-------+----------+-------------------------------------------
     0 | D:1      | ChromeMolly the Octopode Fighter began the quest for the Orb.
     0 | D:1      | Reached XP level 1. HP: 16/16 MP: 1/1
   227 | D:1      | Reached XP level 2. HP: 21/21 MP: 2/2
   680 | D:2      | Reached XP level 3. HP: 26/26 MP: 3/3
   828 | D:2      | Reached skill level 1 in Stealth
  1162 | D:2      | Reached skill level 1 in Throwing
  1387 | D:2      | Found a radiant altar of Vehumet.
  1476 | D:2      | Reached XP level 4. HP: 31/31 MP: 4/4
  1671 | D:2      | HP: 1/31 [something (4)]
  1680 | D:2      | Killed from afar by an orc wizard

Skill      XL: |  1  2  3  4 |
---------------+-------------+-----
Stealth        | 1 2 |  2.0
Throwing       | 1 |  1.2
Fighting       | |  3.3
Long Blades    | |  2.3
Dodging        | |  3.4
Shields        | |  3.3

Action                   |  1- 3 |  4- 6 || total
-------------------------+-------+-------++-------
Melee: Long sword        |    53 |    10 ||    63
       Constrict         |    21 |     5 ||    26
       Tentacles         |    10 |     4 ||    14
       Dagger            |       |     5 ||     5
Throw: Stone             |    29 |    12 ||    41
  Use: Scroll            |     2 |       ||     2
       Potion            |       |     2 ||     2
 Stab: Sleeping          |     6 |       ||     6
  Eat: Chunk             |     2 |       ||     2
Armor: Skin              |     3 |       ||     3
Dodge: Dodged            |    24 |     9 ||    33
Block: Shield            |    25 |    11 ||    36
       Rpst.: Long sword |     8 |     1 ||     9
